 Dungeon Crawl Stone Soup version 0.30-a0-54-g2e61a25929 (webtiles) character file.

Game seed: 1290384301735806609

301 PentaManta the Ruffian (level 6, -2/48 HPs)
             Began as a Ghoul Gladiator on Sept 7, 2022.
             Slain by an orc
             ... wielding a +0 hand axe
              (6 damage)
             ... on level 4 of the Dungeon.
             The game lasted 00:05:52 (3177 turns).

PentaManta the Ruffian (Ghoul Gladiator)            Turns: 3177, Time: 00:05:52

Health: -2/48      AC:  9    Str: 18    XL:     6   Next: 37%
Magic:  5/5        EV: 10    Int: 11    God:
Gold:   204        SH:  5    Dex: 10    Spells: 5/5 levels left

rFire   . . .      SeeInvis .      - Unarmed
rCold   + . .      Faith    .    (no shield)
rNeg    + + +      Spirit   .    q - +0 scale mail
rPois   ∞          Reflect  +    b - +0 helmet
rElec   .          Harm     .    w - +0 cloak
rCorr   .          Rampage  .    (no gloves)
Will    .....                    e - +0 pair of boots
Stlth   ..........               h - amulet of reflection
HPRegen 0.00/turn                n - +6 ring of intelligence
MPRegen 0.09/turn                (no ring)

@: inhibited regen
A: claws 1, cold resistance 1, negative energy resistance 3, inhibited
regeneration, torment resistance 2, devour on kill
a: no special abilities


You were on level 4 of the Dungeon.
You visited 1 branch of the dungeon, and saw 4 of its levels.
You also visited: Sewer.

You collected 204 gold pieces.

Inventory:

Missiles
 c - 3 throwing nets (quivered)
 d - a javelin
Armour
 a - a +0 leather armour
 b - a +0 helmet (worn)
 e - a +0 pair of boots (worn)
 q - a +0 scale mail (worn)
 w - a +0 cloak (worn)
Jewellery
 h - an amulet of reflection (around neck)
 n - a +6 ring of intelligence (left claw)
Scrolls
 f - 3 scrolls of identify {unknown}
 g - a scroll of enchant armour {unknown}
 l - 3 scrolls of teleportation
 m - a scroll of blinking {unknown}
 o - a scroll of fear {unknown}
 p - a scroll of immolation {unknown}
 r - a scroll of summoning {unknown}
 s - a scroll of magic mapping {unknown}
 t - a scroll of noise {unknown}
 u - a scroll of silence {unknown}
 v - a scroll of amnesia {unknown}
 x - a scroll of torment {unknown}
Potions
 i - a potion of magic
 j - 2 potions of flight


   Skills:
 - Level 2.2 Fighting
 - Level 1.8 Throwing
 - Level 2.7 Dodging
 + Level 7.5 Unarmed Combat


You had 5 spell levels left.
You didn't know any spells.
Your spell library was empty.

Dungeon Overview and Level Annotations

Branches:
Dungeon (4/15)              Sewer (visited)
 Temple: D:4-7

Altars:

Annotations:
D:3 3 runed translucent doors, BritishOli's ghost, weakling DsFi; Murumi's ghost, amateur FoFi; Stonecrops's ghost, amateur OpCj


Innate Abilities, Weirdness & Mutations

You are immune to poison.
You have sharp fingernails.
Your flesh is cold resistant. (rC+)
You are immune to negative energy. (rN+++)
You do not regenerate when monsters are visible.
You are immune to unholy pain and torment.
You thrive by killing the living.


Message History

* * * LOW HITPOINT WARNING * * *
The orc hits you with a +0 mace.
* * * LOW HITPOINT WARNING * * *
You feel better.
You hear some strange, mumbled words.
Something tries to affect you, but you resist.
The orc barely misses you.
You miss something.
You hear some strange, mumbled words.
A magic dart appears from out of thin air!
The magic dart hits you.
* * * LOW HITPOINT WARNING * * *
The orc completely misses you.
You miss something. Your claw misses something.
Something hits you but does no damage. You block the orc's attack.
You completely miss something. Something hits you.
* * * LOW HITPOINT WARNING * * *
The orc hits you but does no damage.
You miss something. Something hits you but does no damage.
You miss something. You claw something! You scratch the orc.
The orc is lightly wounded.
Something hits you.
* * * LOW HITPOINT WARNING * * *
The orc hits you but does no damage.
You barely miss the orc.
The orc is lightly wounded.
Something hits you but does no damage. The orc hits you but does no damage.
You claw the orc!
You kill the orc!
Something hits you.
* * * LOW HITPOINT WARNING * * *
You barely miss something. Something hits you.
* * * LOW HITPOINT WARNING * * *
The orc hits you but does no damage.
You scratch something.
Reactivating autopickup.
You feel a bit more experienced. The orc hits you with a +0 hand axe.
You die...

#.. #.. #
###...#
...#.#####
###..#......
# ...........
#.#.#g)......
#.#.#o#
#...)@#
###.###
..###..#.#
#........<#
###...#####
##.> ###


You could see an orc and a goblin.

Vanquished Creatures
  A jelly (D:4)
  A merfolk siren (Sewer)
  An orc wizard (D:4)
  A merfolk avatar (Sewer)
  4 river rats
  7 adders
  3 worms
  2 dart slugs (D:3)
  3 orcs (D:4)
  13 ball pythons
  2 bats
  8 endoplasms
  5 giant cockroaches
  5 goblins
  5 hobgoblins
  8 jackals
  2 kobolds
  4 quokkas
  8 frilled lizards
  33 rats
116 creatures vanquished.

Vanquished Creatures (others)
  A plant (D:1)
1 creature vanquished.

Grand Total: 117 creatures vanquished

Notes
Turn   | Place    | Note
-------+----------+-------------------------------------------
     0 | D:1      | PentaManta the Ghoul Gladiator began the quest for the Orb.
     0 | D:1      | Reached XP level 1. HP: 17/17 MP: 0/0
   125 | D:1      | Reached XP level 2. HP: 24/24 MP: 1/1
   141 | D:1      | Reached skill level 4 in Unarmed Combat
   521 | D:1      | Reached XP level 3. HP: 29/29 MP: 2/2
   963 | D:2      | Reached skill level 5 in Unarmed Combat
  1076 | D:2      | Reached XP level 4. HP: 36/36 MP: 3/3
  1677 | D:3      | Reached skill level 6 in Unarmed Combat
  1677 | D:3      | Reached XP level 5. HP: 37/41 MP: 4/4
  1679 | D:3      | Found a glowing drain.
  1684 | Sewer    | Entered a sewer
  1812 | Sewer    | HP: 1/41 [quokka (3)]
  2135 | Sewer    | Noticed a malarious merfolk avatar
  2164 | Sewer    | Killed a malarious merfolk avatar
  2165 | Sewer    | Reached skill level 7 in Unarmed Combat
  2165 | Sewer    | Reached XP level 6. HP: 48/48 MP: 5/5
  2840 | D:3      | Found a runed translucent gate.
  2841 | D:3      | Found a runed translucent gate.
  2841 | D:3      | Found a runed translucent gate.
  2842 | D:3      | Noticed Stonecrops's ghost (amateur OpCj)
  2843 | D:3      | Noticed BritishOli's ghost (weakling DsFi)
  2843 | D:3      | Noticed Murumi's ghost (amateur FoFi)
  3177 | D:4      | Slain by an orc

Illustrated notes

Levels and vault maps discovered:
D:1:      eino_arrival_druids_welcome, layout_basic, minmay_tromino_v2
D:2:      layout_basic, chequers_serial_rivers_micro_a, grunt_ministairs_8,
          hex_medium
D:3:      layout_basic, lightli_sewer_entry_pipes, gammafunk_ghost_cemetery
D:4:      layout_basic, serial_shops, shop, gammafunk_ghost_gnarly_gnolls,
          uniq_crazy_yiuf_cottage

Skill      XL: |  1  2  3  4  5 |
---------------+----------------+-----
Unarmed Combat | 4 5 6 7 |  7.5
Fighting       | |  2.2
Throwing       | |  1.8
Dodging        | |  2.7

Action                   |  1- 3 |  4- 6 || total
-------------------------+-------+-------++-------
Melee: Unarmed           |   103 |   247 ||   350
       Punch             |     3 |     7 ||    10
  Use: Potion            |       |     8 ||     8
Armor: Leather armour    |    18 |       ||    18
       Scale mail        |     5 |   105 ||   110
Dodge: Dodged            |    44 |    89 ||   133
Block: Other             |     8 |    43 ||    51

Table legend: (Time is in decaauts)
 A = Elapsed time spent in this place.
 B = Non-inter-level travel time spent in this place.
 C = Inter-level travel time spent in this place.
 D = Time resting spent in this place.
 E = Time spent auto-exploring this place.
 F = Levels seen in this place.
 G = Mean time per level.
                   A        B        C        D        E       F      G
               +--------+--------+--------+--------+--------+-----+--------+
         Total |   3216 |   3170 |     46 |      0 |   2328 |   5 |  643.2 |
       Dungeon |   2497 |   2451 |     46 |      0 |   1915 |   4 |  624.2 |
         Sewer |    718 |    718 |      0 |      0 |    413 |   1 |  718.0 |
               +--------+--------+--------+--------+--------+-----+--------+

Top non-repeatable levels by time:
     D:3: 949 daAuts
     D:1: 767 daAuts
     D:2: 745 daAuts
   Sewer: 718 daAuts
     D:4: 35 daAuts
